 Dungeon Crawl Stone Soup version 0.18-a0-1266-g3be6530 (webtiles) character file.

3005 RedPan the Basher (level 10, -3/70 HPs)
             Began as a Formicid Fighter on Feb 6, 2016.
             Killed by divine providence
             ... invoked by an orc priest
              (15 damage)
             ... on level 8 of the Dungeon.
             The game lasted 00:19:46 (7771 turns).

RedPan the Basher (Formicid Fighter)                Turns: 7771, Time: 00:19:46

Health: -3/70      AC: 13    Str: 23    XL:     10   Next: 9%
Magic:  10/10      EV:  6    Int:  9    God:
Gold:   425        SH:  9    Dex: 10    Spells: 0 memorised, 9 levels left

rFire  + . .     SeeInvis +     v - +3 flail
rCold  . . .     Gourm    +     u - +1 chain mail {rF+}
rNeg   . . .     Faith    .     c - +0 shield
rPois  .         Spirit   .     (helmet unavailable)
rElec  +         Dismiss  .     C - +0 cloak
rCorr  .         Reflect  .     y - +0 pair of gloves
SustAt .         Harm     .     e - +0 pair of boots
MR     +....                    k - amulet of the gourmand
Stlth  ..........               (no ring)
                                B - ring of wizardry

@: somewhat resistant to hostile enchantments, extremely unstealthy
A: permanent stasis, dig shafts and tunnels, four strong arms, antennae 3,
electricity resistance
a: Dig, Shaft Self


You were on level 8 of the Dungeon.
You were completely stuffed.

You visited 2 branches of the dungeon, and saw 9 of its levels.

You collected 425 gold pieces.

Inventory:

Hand Weapons
 v - a +3 flail (weapon)
Armour
 c - a +0 shield (worn)
 e - a +0 pair of boots (worn)
 u - a +1 chain mail of fire resistance (worn)
 y - a +0 pair of gloves (worn)
 C - a +0 cloak (worn)
Magical Staves
 G - an uncursed staff of poison
Jewellery
 k - an amulet of the gourmand (around neck)
 n - a +3 amulet of reflection
 q - an uncursed amulet of dismissal
 B - a ring of wizardry (left hand)
Wands
 a - a wand of paralysis (7/24)
 p - a wand of enslavement (0/24)
Scrolls
 b - a scroll of fog
 j - 5 scrolls of identify
 m - a scroll of magic mapping
 w - 3 scrolls of recharging
Potions
 h - a potion of flight
 l - 3 potions of curing
 o - 2 potions of agility
 r - a potion of cure mutation
 t - a potion of cancellation
 x - 2 potions of brilliance
 z - 2 potions of lignification
 A - a potion of haste {unknown}
 D - 2 potions of heal wounds
 E - a potion of might
Books
 i - a book of Clouds

   Spells                             Type                      Level
   a - Mephitic Cloud                 Conjuration/Poison/Air       3
   b - Conjure Flame                  Conjuration/Fire             3
   c - Poisonous Cloud                Conjuration/Poison/Air       6
   d - Freezing Cloud                 Conjuration/Ice/Air          6
   e - Ring of Flames                 Charms/Fire                  7
Comestibles
 d - 5 chunks of flesh
 f - 4 bread rations
 g - 3 meat rations
 s - a royal jelly
 F - a beef jerky


   Skills:
 - Level 3.2 Fighting
 + Level 13.0 Maces & Flails
 - Level 3.2 Armour
 - Level 3.6 Shields


You had 9 spell levels left.
You didn't know any spells.

Dungeon Overview and Level Annotations

Branches:
Dungeon (8/15)             Temple (1/1) D:4            Lair (0/8) D:8

Altars:
Ashenzari
Cheibriados
Dithmenos
Elyvilon
Fedhas
Gozag
Kikubaaqudgha
Nemelex Xobeh
Pakellas
Qazlal
Ru
Trog
Vehumet
Xom
Yredelemnul
Zin
The Shining One

Shops:
D:5 }


Innate Abilities, Weirdness & Mutations

You are under a permanent stasis effect.
You can dig through walls and to a lower floor.
Your four strong arms can wield two-handed weapons with a shield.
You have a pair of large antennae on your head (SInv).
You are resistant to electric shocks.


Message History

You are too injured to fight recklessly!
You are too injured to fight recklessly!
You are too injured to fight recklessly!
You are too injured to fight recklessly!
You are too injured to fight recklessly!
You are too injured to fight recklessly!
You are too injured to fight recklessly!
You are too injured to fight recklessly!
You are too injured to fight recklessly!
You are too injured to fight recklessly!
You are too injured to fight recklessly!
You are too injured to fight recklessly!
You are too injured to fight recklessly!
You are too injured to fight recklessly!
You are too injured to fight recklessly!
You closely miss the orc priest.
The orc priest is lightly wounded.
The orc priest mumbles some strange prayers to Beogh against you.
Something smites you!
You die...

############## #............#
#............# #............#
########......##...#
......##......###)###'##
#.....#.......#..........
#.....#.......#.@o.......
#.....'.......#)†........
......####+####....>.....
###...#.......o..........
#....'..................
#....#..................
#....#.....÷........############
######...##.###.....#...........
#........## . #....#...........


You could see an orc priest and an orc.

Vanquished Creatures
  An unseen horror (D:5)
  The ghost of RedPan the Cudgeler, an amateur TrFi (D:5)
  A hippogriff (D:6)
  A sky beast (D:5)
  3 phantoms
  A black bear (D:6)
  3 ogres
  2 centaurs
  A crocodile (D:7)
  A big kobold (D:8)
  A giant frog (D:7)
  2 scorpions (D:8)
  A wyvern skeleton (D:8)
  2 killer bees (D:7)
  5 wights (D:7)
  2 crimson imps
  A centaur zombie (D:7)
  2 orc wizards (D:4)
  4 hounds
  An orc priest (D:7)
  An iguana (D:6)
  4 worker ants
  A hound skeleton (D:5)
  7 adders
  3 shadow imps
  An ooze (D:4)
  2 adder skeletons
  An adder zombie (D:6)
  3 worms
  8 giant geckos
  11 orcs
  3 giant cockroaches
  8 goblins
  8 hobgoblins
  11 jackals
  3 quokkas
  A ball python (D:2)
  10 bats
  2 giant newts
  A jackal skeleton (D:4)
  7 kobolds
  5 rats
137 creatures vanquished.

Notes
Turn   | Place    | Note
--------------------------------------------------------------
     0 | D:1      | RedPan the Formicid Fighter began the quest for the Orb.
     0 | D:1      | Reached XP level 1. HP: 18/18 MP: 1/1
    63 | D:1      | Reached XP level 2. HP: 24/24 MP: 2/2
   645 | D:1      | Reached XP level 3. HP: 29/29 MP: 3/3
  1177 | D:2      | Gained mutation: You are resistant to electric shocks. [potion of beneficial mutation]
  1225 | D:2      | Found a glowing silver altar of Zin.
  1369 | D:2      | Reached skill level 4 in Maces & Flails
  1369 | D:2      | Reached XP level 4. HP: 15/35 MP: 4/4
  2128 | D:3      | Found a faded altar to an unknown god.
  2225 | D:3      | Found a shattered altar of Ashenzari.
  2422 | D:3      | Reached XP level 5. HP: 36/41 MP: 5/5
  2456 | D:3      | Found a stormy altar of Qazlal.
  2474 | D:3      | Found a sparkling altar of Nemelex Xobeh.
  2659 | D:4      | Reached skill level 5 in Maces & Flails
  2951 | D:4      | Found a staircase to the Ecumenical Temple.
  2962 | Temple   | Entered the Ecumenical Temple
  3130 | D:4      | Reached XP level 6. HP: 27/47 MP: 6/6
  3449 | D:4      | Reached skill level 6 in Maces & Flails
  3855 | D:5      | Entered Level 5 of the Dungeon
  3855 | D:5      | Noticed an ogre
  3861 | D:5      | Killed an ogre
  3931 | D:5      | Found a shadowy altar of Dithmenos.
  3934 | D:5      | Noticed RedPan's ghost (amateur TrFi)
  3953 | D:5      | Killed RedPan's ghost
  3953 | D:5      | Reached skill level 7 in Maces & Flails
  3953 | D:5      | Reached XP level 7. HP: 35/52 MP: 7/7
  4101 | D:5      | Reached skill level 8 in Maces & Flails
  4127 | D:5      | Found Talast's Gadget Boutique.
  4193 | D:5      | Reached XP level 8. HP: 51/58 MP: 8/8
  4464 | D:5      | Noticed an unseen horror
  4515 | D:5      | Killed an unseen horror
  4515 | D:5      | Reached skill level 10 in Maces & Flails
  5011 | D:6      | Reached XP level 9. HP: 46/64 MP: 9/9
  5302 | D:6      | Reached skill level 11 in Maces & Flails
  6740 | D:7      | Reached skill level 12 in Maces & Flails
  7095 | D:7      | Found a sacrificial altar of Ru.
  7620 | D:8      | Reached XP level 10. HP: 62/70 MP: 10/10
  7694 | D:8      | Found a blossoming altar of Fedhas.
  7739 | D:8      | Found a staircase to the Lair.
  7768 | D:8      | Reached skill level 13 in Maces & Flails
  7771 | D:8      | Killed from afar by an orc priest

Vault maps used:
D:1:      noname_arrival_rooms_in_the_neighbourhood
D:2:      zin_treasury
D:3:      grunt_qazlal_sundering, nicolae_ashenzari_panopticon,
          overflow_temple_1_default, ecumenical_altar_1, grunt_decor_fettered
D:4:      minmay_temple_entry_trees, first_bread
D:5:      serial_shops, shop, kennysheep_diamond,
          grunt_dithmenos_smoke_and_mirrors
D:7:      basic_altar
D:8:      bloody_makhleb, lair_0_dummy, basic_altar, grunt_ogre_cave, uniq_pikel
Temple:   circular_temple_12

Action                   |  1- 3 |  4- 6 |  7- 9 | 10-12 || total
-------------------------+-------+-------+-------+-------++-------
Melee: Flail             |    45 |    22 |   379 |    42 ||   488
       Whip              |   145 |   251 |       |       ||   396
       Mace              |       |    16 |       |       ||    16
  Use: Scroll            |     4 |     6 |     7 |     1 ||    18
       Potion            |     3 |     4 |     3 |       ||    10
  Eat: Chunk             |    13 |    10 |    13 |       ||    36
